 Dungeon Crawl Stone Soup version 0.23.1 (webtiles) character file.

Game seed: 6371631476278191535

28 Sandy the Ducker (level 2, -2/14 HPs)
             Began as a Spriggan Gladiator on Mar 6, 2019.
             Slain by a centaur (8 damage)
             ... on level 5 of the Dungeon.
             The game lasted 00:03:05 (908 turns).

Sandy the Ducker (Spriggan Gladiator)                Turns: 908, Time: 00:03:06

Health: -2/14      AC:  2    Str: 10    XL:     2   Next: 96%
Magic:  3/3        EV: 20    Int:  9    God:
Gold:   45         SH:  0    Dex: 21    Spells: 1/1 levels left

rFire    x . .     SeeInvis +   a - +0 quarterstaff
rCold    + . .     Gourm    .   (shield currently unavailable)
rNeg     . . .     Faith    .   b - +0 robe
rPois    .         Spirit   .   c - +0 hat
rElec    .         Reflect  .   (no cloak)
rCorr    .         Harm     .   (gloves unavailable)
MR       .....                  (boots unavailable)
Stlth    ++........             (no amulet)
HPRegen  0.04/turn              j - ring of ice
MPRegen  0.08/turn              l - +4 ring of dexterity

@: very quick
A: very small, unfitting armour, see invisible, herbivore, speed 3, slow
metabolism 2
a: no special abilities


You were on level 5 of the Dungeon.
You were not hungry.

You visited 1 branch of the dungeon, and saw 6 of its levels.

You collected 45 gold pieces.

Inventory:

Hand Weapons
 a - a +0 quarterstaff (weapon)
Missiles
 d - 2 throwing nets (quivered)
 e - 36 stones
Armour
 b - a +0 robe (worn)
 c - a +0 hat (worn)
Jewellery
 j - a ring of ice (left hand)
 l - a +4 ring of dexterity (right hand)
Scrolls
 g - 3 scrolls of remove curse {unknown}
 h - a scroll of blinking {unknown}
 k - a scroll of amnesia {unknown}
 m - a scroll of summoning {unknown}
Potions
 i - a potion of degeneration {unknown}
Comestibles
 f - a ration


   Skills:
 - Level 1.5 Fighting
 + Level 3.1 Staves
 - Level 2.0 Throwing
 - Level 4.4 Dodging


You had one spell level left.
You didn't know any spells.
Your spell library contained the following spells:

 Spells                   Type           Power        Failure   Level  Hunger
 Animate Skeleton         Necr           N/A          38%         1    ##.....
 Apportation              Tloc           #.....       38%         1    ##.....
 Confusing Touch          Hex            #.....       38%         1    ##.....
 Summon Small Mammal      Summ           #...         38%         1    ##.....


Dungeon Overview and Level Annotations

Branches:
Dungeon (6/15)
 Temple: D:4-7

Altars:
Ashenzari
Nemelex Xobeh
Uskayaw
Vehumet
Xom
The Shining One


Innate Abilities, Weirdness & Mutations

You are very small and have problems with some larger weapons.
You are too small for most types of armour.
You have supernaturally acute eyesight. (SInv)
You are a herbivore.
You cover ground extremely quickly.
You need to consume almost no food.


Message History

You sock the centaur!
The centaur is moderately wounded.
The centaur completely misses you. The centaur hits you.
You hit the centaur.
The centaur is heavily wounded.
The centaur misses you. The centaur hits you.
You hit the centaur.
The centaur is heavily wounded.
The centaur misses you.
You barely miss the centaur.
The centaur is heavily wounded.
The centaur barely misses you. The centaur misses you.
You hit the centaur but do no damage.
The centaur is heavily wounded.
The centaur hits you. The centaur completely misses you.
You hit the centaur.
The centaur is severely wounded.
The centaur hits you!
Ouch! That really hurt!
You die...

#.# ###.. #.... #.#.
##.#.# ..#.## #...#####
+...c..%# #+#..@###.## .#
#..........# .#
######..._...# ..
#......_.....#
.#.#.####.###...........
.#.........##....⌠.._.##
.###.####..##...........
#.....###...###._..._....
..######.###.##.......###


You could see a centaur.

Vanquished Creatures
  2 adders (D:2)
  An adder skeleton (D:5)
  A ball python (D:1)
  A giant cockroach (D:1)
  A frilled lizard (D:1)
  A quokka zombie (D:5)
  2 rats
9 creatures vanquished.

Notes
Turn   | Place    | Note
-------+----------+-------------------------------------------
     0 | D:1      | Sandy the Spriggan Gladiator began the quest for the Orb.
     0 | D:1      | Reached XP level 1. HP: 10/10 MP: 2/2
   183 | D:2      | Reached XP level 2. HP: 12/14 MP: 3/3
   456 | D:5      | Entered Level 5 of the Dungeon
   483 | D:6      | Noticed a phantom
   501 | D:5      | Noticed a scorpion
   568 | D:5      | Found a glowing golden altar of the Shining One.
   853 | D:6      | Noticed a scorpion
   894 | D:5      | Found a radiant altar of Vehumet.
   895 | D:5      | Found a sparkling altar of Nemelex Xobeh.
   897 | D:5      | Found a hide-covered altar of Uskayaw.
   897 | D:5      | Found a shimmering altar of Xom.
   898 | D:5      | Found a shattered altar of Ashenzari.
   898 | D:5      | Noticed a centaur
   908 | D:5      | Slain by a centaur

Skill      XL: |  1  2 |
---------------+-------+-----
Staves         | 3 |  3.1
Fighting       | |  1.5
Throwing       | |  2.0
Dodging        | |  4.4

Action                   || total
-------------------------++-------
Melee: Quarterstaff      ||    45
Throw: Throwing net      ||     2
Armor: Robe              ||     7
Dodge: Dodged            ||    49
